 Dungeon Crawl Stone Soup version 0.22-a0-136-g83a10e5 (webtiles) character file.

1019 mhoghedin the Shield-Bearer (level 8, -5/54 HPs)
             Began as a Halfling Fighter on Feb 3, 2018.
             Was a Believer of Zin.
             Slain by an ogre
             ... wielding a +0 giant spiked club
              (8 damage)
             ... on level 5 of the Dungeon.
             The game lasted 00:07:32 (4238 turns).

mhoghedin the Shield-Bearer (Halfling Fighter)      Turns: 4238, Time: 00:07:33

Health: -5/54      AC: 10    Str: 19    XL:     8   Next: 46%
Magic:  0/10       EV:  9    Int: 12    God:    Zin [**....]
Gold:   116        SH: 11    Dex: 14    Spells: 7/7 levels left

rFire    . . .     SeeInvis .   q - +0 scimitar
rCold    . . .     Gourm    .   c - +1 shield
rNeg     . . .     Faith    .   b - +0 scale mail
rPois    .         Spirit   +   p - +0 helmet
rElec    .         Reflect  .   (no cloak)
rCorr    .         Harm     .   (no gloves)
MR       .....     Rnd*Tele +   (no boots)
Stlth    ..........             n - amulet of guardian spirit {Spirit}
HPRegen  0.18/turn              s - +2 ring of protection
MPRegen  0.12/turn              m - ring of Ben Rorph {*Tele Int+6}

@: hasted, very quick
A: small, mutation resistance 1
a: Recite, Vitalisation, Donate Gold, Renounce Religion


You were on level 5 of the Dungeon.
You worshipped Zin.
Zin was pleased with you.
You were not hungry.

You visited 1 branch of the dungeon, and saw 5 of its levels.

You collected 200 gold pieces.
You donated 84 gold pieces to Zin.

Inventory:

Hand Weapons
 a - a +0 long sword
 q - a +0 scimitar (weapon)
   (You found it on level 4 of the Dungeon)
Missiles
 d - 2 throwing nets {=f, !d}
Armour
 b - a +0 scale mail (worn)
 c - a +1 shield (worn)
 p - a +0 helmet (worn)
   (You found it on level 3 of the Dungeon)
Jewellery
 m - the ring of Ben Rorph (right hand) {*Tele Int+6}
   (You took it off an orc warrior on level 4 of the Dungeon)

   [ring of teleportation]

   It may teleport you next to monsters.
   It affects your intelligence (+6).
 n - an amulet of guardian spirit (around neck) {Spirit}
   (You found it on level 3 of the Dungeon)
 s - a +2 ring of protection (left hand)
   (You found it on level 3 of the Dungeon)
Wands
 h - a wand of scattershot (1)
   (You found it on level 4 of the Dungeon)
 l - a wand of iceblast (6)
   (You found it on level 4 of the Dungeon)
Scrolls
 e - 5 scrolls of magic mapping {!r}
 g - a scroll of remove curse
 i - 6 scrolls of identify
 k - 2 scrolls of teleportation
 o - 2 scrolls of enchant weapon
 v - a scroll of random uselessness {unknown}
Potions
 j - 2 potions of agility
 r - 2 potions of brilliance
 t - a potion of cancellation
 w - a potion of lignification {unknown}
 x - a potion of curing
Comestibles
 f - 7 rations


   Skills:
 + Level 4.6 Fighting
 + Level 4.6 Long Blades
 + Level 5.6 Armour
 + Level 5.7 Shields
 + Level 3.8 Invocations


You had 7 spell levels left.
You didn't know any spells.

Dungeon Overview and Level Annotations

Branches:
Dungeon (5/15)             Temple (0/1) D:4

Altars:
Kikubaaqudgha
Yredelemnul
Zin

Annotations:
D:5 1 runed door


Innate Abilities, Weirdness & Mutations

You are small and have problems with some larger weapons.
You are somewhat resistant to further mutation.


Message History

No target in view!
No target in view!
No target in view!
e - 5 scrolls of magic mapping {!r} (gained 1)
There is a stone staircase leading up here.
You pay a tithe of 1 gold.
You now have 100 gold pieces (gained 11).
There is an escape hatch in the floor here.
You see here an arrow.
You are suddenly yanked towards some nearby monsters!
Your surroundings suddenly seem different.
An adder comes into view.
The adder hisses angrily.
An ogre comes into view. It is wielding a giant spiked club.
Health restored: 54; MP restored: 10 You slash the ogre!
The ogre hits you with a giant spiked club!!
You take 20 damage, and have 34/54 hp.
MASSIVE DAMAGE!!
You now have 6/10 mp.
You slash the ogre! The adder bites you but does no damage.
You block the ogre's attack. The adder barely misses you.
You hit the ogre.
You kill the ogre!
The adder barely misses you. The adder bites you but does no damage.
You miss the adder. You block the adder's attack.
You closely miss the adder. The adder bites you but does no damage.
The adder barely misses you.
You riposte.
You miss the adder. You barely miss the adder.
The adder bites you but does no damage.
You barely miss the adder. You block the adder's attack. The adder misses you.
You hit the adder. The adder barely misses you.
You riposte.
You closely miss the adder. You block the adder's attack.
You closely miss the adder. The adder bites you but does no damage.
You hit the adder. You block the adder's attack. x2
You slash the adder!
You kill the adder!
You see here an adder corpse.
x - 2 potions of curing (gained 1)
You pay a tithe of 2 gold.
You now have 116 gold pieces (gained 16).
An ogre comes into view. It is wielding a giant spiked club.
The ogre shouts!
An adder zombie comes into view.
There are monsters nearby!
There are monsters nearby!
You clear your throat and prepare to recite. "The law of Zin demands thee..."
The adder zombie is smitten by the wrath of Zin. "...be ordered, and that the punishment for chaos..." "...shall be swift and harsh!"
You finish reciting Apostates 17:23.
MP restored: 10 You barely miss the adder zombie.
You block the adder zombie's attack. You block the ogre's attack.
The adder zombie bites you but does no damage.
A worker ant comes into view.
Your shield prevents you from hitting the adder zombie.
The worker ant twitches its antennae in your direction.
The adder zombie bites you.
The ogre hits you with a giant spiked club.
You take 6 damage, and have 34/54 hp.
You now have 8/10 mp.
You slash the adder zombie!
You destroy the adder zombie!
Zin accepts your kill. You block the ogre's attack.
You slash the ogre! You block the ogre's attack.
You slash the ogre!
The ogre hits you with a giant spiked club!!
The worker ant bites you but does no damage.
You take 15 damage, and have 20/54 hp.
MASSIVE DAMAGE!!
You now have 5/10 mp.
You hit the ogre. The worker ant bites you.
You are poisoned.
The worker ant poisons you!
The ogre hits you with a giant spiked club!!
* * * LOW HITPOINT WARNING * * *
You take 16 damage, and have 4/54 hp.
MASSIVE DAMAGE!!
You now have 0/10 mp.
You feel sick.
You take 1 damage, and have 3/54 hp.
You don't have enough magic at the moment.
You block the worker ant's attack.
You see here an adder corpse.
You feel better.
The worker ant bites you but does no damage.
You regained 10 hp, and now have 14/54 hp.
The ogre hits you with a giant spiked club!
* * * LOW HITPOINT WARNING * * *
The worker ant bites you.
* * * LOW HITPOINT WARNING * * *
You see here a giant spiked club.
You take 12 damage, and have 2/54 hp.
MASSIVE DAMAGE!!
You now have 0/10 mp.
Unknown command.
You feel yourself speed up.
The ogre hits you with a giant spiked club!
You die...

#...... .#
#..##.# .#
#..##.# .#
#..##.# .#
#..##.##.####..
#..........?...
#.a†...........
##O##..........
#@##########..
#.# #.# #.# .#.
# #


You could see an ogre and a worker ant.

Vanquished Creatures
  Grinder (D:4)
  An orc warrior (D:4)
  An ogre (D:5)
  A phantom (D:5)
  A necrophage (D:5)
  2 centaurs (D:5)
  An orc priest (D:4)
  3 orc wizards
  A worker ant (D:5)
  A gnoll (D:1)
  6 adders
  An ooze (D:1)
  An adder zombie (D:5)
  3 adder skeletons
  3 worms (D:3)
  4 dart slugs
  2 leopard geckos
  8 orcs
  A ball python (D:3)
  11 bats
  9 giant cockroaches
  3 goblins
  6 hobgoblins
  3 jackals (D:2)
  12 kobolds
  5 frilled lizards
  A jackal skeleton (D:4)
  A leopard gecko skeleton (D:5)
  7 rats
100 creatures vanquished.

Notes
Turn   | Place    | Note
-------+----------+-------------------------------------------
     0 | D:1      | mhoghedin the Halfling Fighter began the quest for the Orb.
     0 | D:1      | Reached XP level 1. HP: 15/15 MP: 1/1
    92 | D:1      | Reached XP level 2. HP: 20/20 MP: 2/2
   153 | D:1      | Reached XP level 3. HP: 10/25 MP: 3/3
   160 | D:1      | HP: 5/25 [hobgoblin/club (3)]
   174 | D:1      | Reached skill level 3 in Fighting
   988 | D:2      | Found a glowing silver altar of Zin.
   999 | D:2      | Reached XP level 4. HP: 18/31 MP: 4/4
  1311 | D:2      | Reached skill level 4 in Shields
  1359 | D:2      | Reached skill level 4 in Armour
  1611 | D:2      | Became a worshipper of Zin the Law-Giver
  1819 | D:3      | Reached XP level 5. HP: 19/36 MP: 5/5
  1822 | D:3      | Reached skill level 3 in Long Blades
  2144 | D:3      | Found an ancient bone altar of Kikubaaqudgha.
  2162 | D:3      | Reached skill level 1 in Invocations
  2621 | D:4      | Noticed an orc warrior
  2630 | D:4      | Reached XP level 6. HP: 29/42 MP: 3/7
  2887 | D:4      | Reached * piety under Zin
  2955 | D:4      | Found a staircase to the Ecumenical Temple.
  3028 | D:4      | Found a basalt altar of Yredelemnul.
  3105 | D:4      | Noticed Grinder
  3130 | D:4      | Paralysed by Grinder for 6 turns
  3142 | D:4      | Killed Grinder
  3142 | D:4      | Reached skill level 2 in Invocations
  3142 | D:4      | Reached XP level 7. HP: 23/47 MP: 4/8
  3410 | D:4      | Reached skill level 4 in Fighting
  3589 | D:4      | Reached skill level 4 in Long Blades
  3589 | D:4      | Reached skill level 5 in Armour
  3589 | D:4      | Reached skill level 5 in Shields
  3591 | D:4      | Got a sparkling copper ring
  3592 | D:4      | Identified the ring of Ben Rorph {*Tele Int+6} (You took it off an orc warrior on level 4 of the Dungeon)
  3783 | D:5      | Entered Level 5 of the Dungeon
  3790 | D:5      | Reached skill level 3 in Invocations
  3811 | D:5      | Reached XP level 8. HP: 28/54 MP: 6/10
  3816 | D:5      | Donated 64 gold pieces to Zin
  4046 | D:5      | Reached ** piety under Zin
  4151 | D:5      | Found a runed door.
  4231 | D:5      | HP: 4/54 [ogre/giant spiked club (14)]
  4236 | D:5      | HP: 4/54 [ogre/giant spiked club (10)]
  4238 | D:5      | Slain by an ogre

Vault maps used:
D:1:      shiori_arrival_elements
D:2:      lemuel_crystal_altar, minmay_misc_feat_tiny
D:3:      lemuel_doored_altar, first_ration, serial_undead, serial_undead_b,
          serial_undead_b, serial_undead_b, serial_undead_d, serial_undead_e,
          serial_undead_d
D:4:      yredelemnul_altar_generic, temple_fountains, uniq_grinder
D:5:      led_sif_pool, kennysheep_okawaru_gauntlet, uniq_crazy_yiuf_cottage

Skill      XL: |  1  2  3  4  5  6  7 |
---------------+----------------------+-----
Fighting       | 3 4 |  4.6
Shields        | 4 5 |  5.7
Armour         | 4 5 |  5.6
Long Blades    | 3 4 |  4.6
Invocations    | 1 2 3 |  3.8

Action                   |  1- 3 |  4- 6 |  7- 9 || total
-------------------------+-------+-------+-------++-------
Melee: Long sword        |   107 |   197 |       ||   304
       Scimitar          |       |    17 |    61 ||    78
Invok: Recite            |       |       |     2 ||     2
       Donate Gold       |       |       |     1 ||     1
Evoke: Wand              |       |       |     4 ||     4
  Use: Potion            |     2 |     5 |     2 ||     9
       Scroll            |       |     9 |     1 ||    10
  Eat: Chunk             |       |     7 |     1 ||     8
       Ration            |       |       |     1 ||     1
Armor: Scale mail        |    41 |    91 |    22 ||   154
Dodge: Dodged            |    33 |    75 |    19 ||   127
Block: Shield            |    60 |   143 |    36 ||   239
       Rpst.: Long sword |    10 |    21 |       ||    31
       Scimitar          |       |     1 |     7 ||     8

Table legend:
 A = Spawn XP
 B = Non-spawn XP
 C = Spawn XP percentage of total XP
 D = Spawn monster count
 E = Non-spawn monster count
 F = Spawn count percentage of total count
 G = Total turns spent on level
                    A         B        C        D         E        F      G
               +---------+---------+-------+---------+---------+-------+---------
         Total |       0 |    1456 |   0.0 |       0 |     100 |   0.0 |  4238
               +---------+---------+-------+---------+---------+-------+---------
           D:1 |       0 |      66 |   0.0 |       0 |      26 |   0.0 |   988
           D:2 |       0 |      47 |   0.0 |       0 |      21 |   0.0 |   639
           D:3 |       0 |     128 |   0.0 |       0 |      28 |   0.0 |  1211
           D:4 |       0 |     565 |   0.0 |       0 |      15 |   0.0 |   945
           D:5 |       0 |     650 |   0.0 |       0 |      10 |   0.0 |   455
               +---------+---------+-------+---------+---------+-------+---------

Vault maps used:
D:1:      shiori_arrival_elements
D:2:      lemuel_crystal_altar, minmay_misc_feat_tiny
D:3:      lemuel_doored_altar, first_ration, serial_undead, serial_undead_b,
          serial_undead_b, serial_undead_b, serial_undead_d, serial_undead_e,
          serial_undead_d
D:4:      yredelemnul_altar_generic, temple_fountains, uniq_grinder
D:5:      led_sif_pool, kennysheep_okawaru_gauntlet, uniq_crazy_yiuf_cottage

Table legend:
 A = Turns spent in this place as a percentage of turns spent in the entire game.
 B = Non-inter-level travel turns spent in this place as a percentage of non-inter-level travel turns spent in the entire game.
 C = Inter-level travel turns spent in this place as a percentage of turns spent in this place.
 D = Turns resting spent in this place as a percentage of non-inter-level travel turns spent in this place.
 E = Turns spent auto-exploring this place as a percentage of non-inter-level travel turns spent in this place.
 F = Non-inter-level travel turns spent in this place divided by the number of levels of this place that you've seen.
                   A       B       C       D       E      F
               +-------+-------+-------+-------+-------+----------------------
         Total | 100.0 | 100.0 |   4.3 |  22.7 |  58.0 | 811.4
       Dungeon | 100.0 | 100.0 |   4.3 |  22.7 |  58.0 | 811.4
               +-------+-------+-------+-------+-------+----------------------

Table legend:
 A = Kills in this place as a percentage of kills in entire the game.
 B = Kills by you in this place as a percentage of kills by you in the entire game.
 C = Kills by friends in this place as a percentage of kills by friends in the entire game.
 D = Other kills in this place as a percentage of other kills in the entire game.
 E = Experience gained in this place as a percentage of experience gained in the entire game.
 F = Experience gained in this place divided by the number of levels of this place that you have seen.
                   A       B       C       D       E      F
               +-------+-------+-------+-------+-------+----------------------
         Total | 100.0 | 100.0 |   N/A |   N/A | 100.0 | 291.2
       Dungeon | 100.0 | 100.0 |   N/A |   N/A | 100.0 | 291.2
               +-------+-------+-------+-------+-------+----------------------
